 Dungeon Sprint DCSS version 0.21-a0-243-g597973d (webtiles) character file.

6083 terra52 the Impaler (level 10, -9/94 HPs)
             Began as a Centaur Gladiator on Sept 4, 2017.
             Was an Initiate of Okawaru.
             Splashed by an oklob plant's acid (16 damage)
             ... in the Dungeon (Sprint I: "Red Sonja").
             The game lasted 00:08:04 (1484 turns).

terra52 the Impaler (Centaur Gladiator)             Turns: 1484, Time: 00:08:06

Health: -9/94      AC:  7    Str: 21    XL:     10   Next: 58%
Magic:  16/16      EV: 12    Int:  7    God:    Okawaru [......]
Gold:   69         SH:  0    Dex: 14    Spells: 9/9 levels left

rFire    . . .     SeeInvis .   a - +0 trident
rCold    . . .     Gourm    .   (no shield)
rNeg     . . .     Faith    .   p - +7 scale mail of Paranoia {Str+4}
rPois    .         Spirit   .   c - +0 helmet
rElec    .         Reflect  .   (no cloak)
rCorr    .         Harm     .   (no gloves)
MR       .....     NoTele   +   (no barding)
Stlth    ..........             (no amulet)
HPRegen  0.25/turn              (no ring)
MPRegen  0.15/turn              (no ring)

@: corroded, very quick
A: hooves 3, deformed body, speed 2, tough skin 3
a: Renounce Religion


You were in the Dungeon.
You worshipped Okawaru.
Okawaru was noncommittal.
You were near starving.

You visited 1 branch You collected 794 gold pieces.
You spent 707 gold pieces at shops.
You donated 18 gold pieces to Zin.

Inventory:

Hand Weapons
 a - a +0 trident (weapon)
 j - a +0 longbow
Missiles
 d - 3 throwing nets (quivered)
 o - 44 arrows
Armour
 b - a +0 leather armour
 c - a +0 helmet (worn)
 n - a +0 robe of magic resistance
 p - the +7 scale mail of Paranoia (worn) {Str+4}
   (You bought it in a shop in the Dungeon)

   It affects your strength (+4).
Wands
 l - a wand of random effects (37/48)
 q - a wand of digging (15/24)
Scrolls
 k - a scroll of blinking
Potions
 e - 7 potions of curing
 g - a potion of heal wounds
 h - a potion of haste
 i - 2 potions of magic
 r - a potion of invisibility {unknown}
Comestibles
 f - a bread ration
 m - a fruit


   Skills:
 * Level 10.8 Fighting
 * Level 15.5 Polearms
 + Level 5.7 Throwing
 + Level 4.0 Armour
 + Level 8.6 Dodging
 + Level 2.5 Stealth
 + Level 8.4 Invocations


You had 9 spell levels left.
You didn't know any spells.

Dungeon Overview and Level Annotations

Branches:
Dungeon (1/1)

Altars:
Cheibriados
Dithmenos
Elyvilon
Fedhas
Gozag
Hepliaklqana
Kikubaaqudgha
Makhleb
Nemelex Xobeh
Okawaru
Qazlal
Ru
Sif Muna
Trog
Uskayaw
Vehumet
Wu Jian
Xom
Yredelemnul
Zin
The Shining One
Jiyva
Lugonu

Shops:
D [((*[([

Annotations:
D exclusion: oklob plant


Innate Abilities, Weirdness & Mutations

You have hooves in place of feet.
Armour fits poorly on your strangely shaped body.
You cover ground very quickly.
You have extremely tough skin. (AC +3)


Message History

The oklob plant is moderately damaged.
You puncture the oklob plant! You kick the oklob plant.
The oklob plant is heavily damaged.
You hit the oklob plant but do no damage.
The oklob plant is heavily damaged.
The oklob plant spits acid at you. The splash of acid hits you!
* * * LOW HITPOINT WARNING * * *
You are splashed with acid!
The acid burns!
* * * LOW HITPOINT WARNING * * *
You puncture the oklob plant! You kick the oklob plant.
The oklob plant is severely damaged.
You hit the oklob plant but do no damage.
You kick the oklob plant.
The oklob plant is severely damaged.
The oklob plant spits acid at you. The splash of acid hits you!
* * * LOW HITPOINT WARNING * * *
The acid corrodes you!
You are splashed with acid!
The acid burns!
You die...

)..#..'..#__#..+
#..').#..'..'..#
##'#####'#__####
#..#...#.####[.####
####..##§#§§≈.§#..#
___##'#_.'§≈≈§§§..#
∩...'.(._#§§§§.#..#
.__##_.#'##§#####+#
___###(#.#......@P+
######.####+###?###
....'..)+ +!∩#
'####...# ####
..####.###
...#.#'#.#
...#.....#
...#.()..#
#..#######


You could see an oklob plant.

Vanquished Creatures
  2 centaur warriors (D)
  Sonja (D)
  8 shining eyes (D)
  A hornet (D)
  A slime creature (D)
  Sigmund (D)
  A yak (D)
  4 floating eyes (D)
  An ogre (D)
  A jelly (D)
  Ijyb (D)
  2 ballistomycetes (D)
24 creatures vanquished.

Vanquished Creatures (others)
  A gargoyle (D)
  2 ballistomycete spores (D)
3 creatures vanquished.

Grand Total: 27 creatures vanquished

Notes
Turn   | Place    | Note
-------+----------+-------------------------------------------
     0 | D        | terra52 the Centaur Gladiator began the quest for the Orb.
     0 | D        | Reached XP level 1. HP: 17/17 MP: 1/1
     1 | D        | Noticed Ijyb
     9 | D        | Killed Ijyb
     9 | D        | Reached skill level 4 in Polearms
     9 | D        | Reached XP level 2. HP: 24/25 MP: 2/2
    18 | D        | Noticed an ogre
    22 | D        | Killed an ogre
    22 | D        | Reached skill level 6 in Polearms
    22 | D        | Reached XP level 3. HP: 31/31 MP: 3/3
    22 | D        | Reached XP level 4. HP: 38/38 MP: 4/4
    26 | D        | Noticed Sigmund
    42 | D        | Killed Sigmund
    42 | D        | Reached skill level 7 in Polearms
    42 | D        | Reached skill level 1 in Armour
    42 | D        | Reached XP level 5. HP: 4/47 MP: 5/5
    42 | D        | Reached XP level 6. HP: 4/53 MP: 6/6
   333 | D        | Found an ornate altar of the Wu Jian Council.
   333 | D        | Found a deep blue altar of Sif Muna.
   335 | D        | Found a radiant altar of Vehumet.
   341 | D        | Reached skill level 8 in Polearms
   349 | D        | Found Powuipsiwito's General Store.
   349 | D        | Found an ancient bone altar of Kikubaaqudgha.
   349 | D        | Found a hazy altar of Hepliaklqana.
   349 | D        | Found a stormy altar of Qazlal.
   349 | D        | Found a hide-covered altar of Uskayaw.
   349 | D        | Found a blossoming altar of Fedhas.
   349 | D        | Found a bloodstained altar of Trog.
   349 | D        | Found an iron altar of Okawaru.
   349 | D        | Found a basalt altar of Yredelemnul.
   349 | D        | Found a glowing golden altar of the Shining One.
   349 | D        | Found a snail-covered altar of Cheibriados.
   349 | D        | Found a sacrificial altar of Ru.
   349 | D        | Found a glowing silver altar of Zin.
   349 | D        | Found a shadowy altar of Dithmenos.
   349 | D        | Found a white marble altar of Elyvilon.
   349 | D        | Noticed a yak
   359 | D        | Killed a yak
   359 | D        | Reached skill level 5 in Fighting
   359 | D        | Reached skill level 9 in Polearms
   360 | D        | Found an opulent altar of Gozag.
   361 | D        | Found a sparkling altar of Nemelex Xobeh.
   367 | D        | Became a worshipper of Zin the Law-Giver
   367 | D        | Reached * piety under Zin
   367 | D        | Reached ** piety under Zin
   367 | D        | Reached *** piety under Zin
   406 | D        | Reached **** piety under Zin
   406 | D        | Reached ***** piety under Zin
   408 | D        | Reached ****** piety under Zin
   581 | D        | Killed a gargoyle
   648 | D        | Found a burning altar of Makhleb.
   648 | D        | Found a viscous altar of Jiyva.
   648 | D        | Found a shimmering altar of Xom.
   648 | D        | Found a corrupted altar of Lugonu.
   648 | D        | Noticed a slime creature
   655 | D        | Killed a slime creature
   655 | D        | Reached skill level 10 in Polearms
   655 | D        | Reached XP level 7. HP: 42/63 MP: 4/8
   764 | D        | Noticed a centaur warrior
   766 | D        | Noticed a centaur warrior
   770 | D        | Killed a centaur warrior
   770 | D        | Reached skill level 11 in Polearms
   770 | D        | Reached skill level 5 in Throwing
   770 | D        | Reached XP level 8. HP: 55/73 MP: 6/11
   775 | D        | Killed a centaur warrior
   775 | D        | Reached skill level 12 in Polearms
   775 | D        | Reached skill level 1 in Stealth
   775 | D        | Reached skill level 5 in Invocations
   807 | D        | Noticed a hornet
   821 | D        | HP: 1/74 [hornet (11)]
   824 | D        | Killed a hornet
   824 | D        | Reached XP level 9. HP: 1/81 MP: 11/13
  1096 | D        | Noticed Sonja
  1108 | D        | Killed Sonja
  1108 | D        | Reached skill level 13 in Polearms
  1114 | D        | Found Zius's Antique Armour Boutique.
  1128 | D        | Noticed a shining eye
  1128 | D        | Noticed a shining eye
  1128 | D        | Noticed a shining eye
  1130 | D        | Paralysed by a floating eye for 3 turns
  1133 | D        | Noticed a shining eye
  1133 | D        | Noticed a shining eye
  1139 | D        | Paralysed by a floating eye for 3 turns
  1141 | D        | Killed a shining eye
  1145 | D        | Killed a shining eye
  1145 | D        | Reached skill level 14 in Polearms
  1151 | D        | Paralysed by a floating eye for 3 turns
  1162 | D        | Killed a shining eye
  1162 | D        | Reached XP level 10. HP: 62/93 MP: 15/15
  1170 | D        | Killed a shining eye
  1170 | D        | Reached skill level 10 in Fighting
  1173 | D        | Killed a shining eye
  1173 | D        | Reached skill level 15 in Polearms
  1174 | D        | Noticed a shining eye
  1176 | D        | Noticed a shining eye
  1176 | D        | Noticed a shining eye
  1189 | D        | Killed a shining eye
  1199 | D        | Killed a shining eye
  1201 | D        | Paralysed by a floating eye for 4 turns
  1211 | D        | Killed a shining eye
  1217 | D        | Found Obliveso's Armour Shop.
  1217 | D        | Found Taget's Antique Weapon Shoppe.
  1217 | D        | Found Goberauvi's Weapon Boutique.
  1217 | D        | Found Vuxoavei's Antique Weapon Emporium.
  1269 | D        | Fell from the grace of Zin
  1269 | D        | Became a worshipper of Warmaster Okawaru
  1417 | D        | Bought the +7 scale mail of Paranoia {Str+4} for 707 gold pieces
  1468 | D        | Found Akastru's Armour Emporium.
  1468 | D        | Noticed an oklob plant
  1484 | D        | Splashed by an oklob plant's acid

Vault maps used:
D:        dungeon_sprint_1

Skill      XL: |  1  2  3  4  5  6  7  8  9 10 |
---------------+-------------------------------+-----
Polearms       | 4 6 7 10 11 12 14 15 | 15.5
Dodging        | 3 4 6 7 8 |  8.6
Fighting       | 3 4 6 7 8 9 10 | 10.8
Throwing       | 3 4 5 |  5.7
Armour         | 1 2 3 4 |  4.0
Invocations    | 2 4 5 7 8 |  8.4
Stealth        | 1 2 |  2.5

Action                   |  1- 3 |  4- 6 |  7- 9 | 10-12 || total
-------------------------+-------+-------+-------+-------++-------
Melee: Trident           |    12 |    38 |    53 |    61 ||   164
       Kick              |     7 |    15 |    18 |    33 ||    73
Throw: Throwing net      |       |       |     1 |       ||     1
Invok: Vitalisation      |       |     1 |     2 |       ||     3
       Recite            |       |       |     2 |       ||     2
Evoke: Wand              |       |       |       |     1 ||     1
  Use: Potion            |       |       |     1 |       ||     1
 Stab: Confused          |       |       |     1 |       ||     1
Armor: Leather armour    |     3 |     1 |       |       ||     4
       Robe              |       |     1 |     1 |       ||     2
       Scale mail        |       |       |       |     1 ||     1
Dodge: Dodged            |     5 |    13 |    18 |       ||    36

Table legend:
 A = Spawn XP
 B = Non-spawn XP
 C = Spawn XP percentage of total XP
 D = Spawn monster count
 E = Non-spawn monster count
 F = Spawn count percentage of total count
 G = Total turns spent on level
                    A         B        C        D         E        F      G
               +---------+---------+-------+---------+---------+-------+---------
         Total |       0 |    8690 |   0.0 |       0 |      22 |   0.0 |  1484
               +---------+---------+-------+---------+---------+-------+---------
             D |       0 |    8690 |   0.0 |       0 |      22 |   0.0 |  1484
               +---------+---------+-------+---------+---------+-------+---------
